HSSL
BISHOP GORMAN HS BALBASAURS @ OLIVER AMES HS TIGERS
05/13/2026
 
TOP OF THE 1ST
Bishop Gorman HS Balbasaurs batting - Pitching for Oliver Ames HS Tigers : LHP Chris Wells
Pitching: LHP Chris Wells
Batting: RHB Steve Murphy 0-0: Called Strike
0-1: Swinging Strike
0-2: Foul Ball, location: 2F
0-2: Ball
1-2: Foul Ball, location: 2F
1-2: Foul Ball, location: 2F
1-2: Strikes out swinging
Batting: RHB Jake Rutledge 0-0: Ball
1-0: Ball
2-0: Ball
3-0: Called Strike
3-1: Base on Balls
Batting: LHB Jean-Sébastien Beaudin 0-0: Fly out, F4 (Line Drive, 4)
Batting: RHB Sidney Gilbert 0-0: Ball
1-0: Ball
2-0: Called Strike
2-1: Ball
3-1: Called Strike
3-2: Base on Balls
Jake Rutledge to second
Batting: RHB Max Kimball 0-0: Ball
1-0: Fly out, F7 (Flyball, 7D)
Top of the 1st over - 0 run(s), 0 hit(s), 0 error(s), 2 left on base; Bishop Gorman HS 0 - Oliver Ames HS 0
BOTTOM OF THE 1ST
Oliver Ames HS Tigers batting - Pitching for Bishop Gorman HS Balbasaurs : RHP Hugues Proulx
Pitching: RHP Hugues Proulx
Batting: RHB Quentin Underwood 0-0: Foul Ball, location: 2F
0-1: Swinging Strike
0-2: Foul Ball, location: 2F
0-2: Fly out, F4 (Line Drive, 4)
Batting: RHB David Morgan 0-0: Called Strike
0-1: Reached on error, E5 (Groundball, 56S)
Batting: SHB Chris Barrett 0-0: Ball
1-0: Foul Ball, location: 2F
1-1: Ball
2-1: Ball
3-1: Base on Balls
David Morgan to second
Batting: SHB David Castaneda 0-0: Ball
1-0: SINGLE (Groundball, 4MD)
David Morgan to third
Chris Barrett to second
Runner from 3rd tries for Home, SAFE, throw made at trailing runner, OUT at third!
Batting: RHB River Hall 0-0: Ball
David Castaneda steals 2nd base
1-0: Ball
2-0: Ball
3-0: Base on Balls
Batting: LHB Tracy Becker 0-0: Ball
1-0: Called Strike
1-1: Foul Ball, location: 2F
1-2: Strikes out swinging
Bottom of the 1st over - 1 run(s), 1 hit(s), 1 error(s), 2 left on base; Bishop Gorman HS 0 - Oliver Ames HS 1
TOP OF THE 2ND
Bishop Gorman HS Balbasaurs batting - Pitching for Oliver Ames HS Tigers : LHP Chris Wells
Batting: LHB Zhen-bang Rao 0-0: Swinging Strike
0-1: Swinging Strike
0-2: Foul Ball, location: 2F
0-2: Ball
1-2: Ball
2-2: SINGLE (Line Drive, 89M)
Batting: RHB Ramón Chávez 0-0: Ball
1-0: Foul Ball, location: 2F
1-1: Ball
2-1: Foul Ball, location: 2F
2-2: Ball
3-2: Foul Ball, location: 2F
3-2: Strikes out swinging
Zhen-bang Rao steals 2nd base
Batter strikes out.
Batting: RHB Mario Ramírez 0-0: Called Strike
0-1: Foul Ball, location: 2F
0-2: Ball
1-2: Strikes out swinging
Batting: RHB Bryan Martínez 0-0: Foul Ball, location: 2F
0-1: Swinging Strike
0-2: SINGLE (Line Drive, 89S)
Zhen-bang Rao to third
Batting: RHB Steve Murphy 0-0: Ball
1-0: Called Strike
1-1: Foul Ball, location: 2F
1-2: SINGLE (Line Drive, 78S)
Zhen-bang Rao scores
Bryan Martínez to second
Batting: RHB Jake Rutledge 0-0: Called Strike
0-1: Ground out 6-3 (Groundball, 6)
Top of the 2nd over - 1 run(s), 3 hit(s), 0 error(s), 2 left on base; Bishop Gorman HS 1 - Oliver Ames HS 1
BOTTOM OF THE 2ND
Oliver Ames HS Tigers batting - Pitching for Bishop Gorman HS Balbasaurs : RHP Hugues Proulx
Batting: LHB Jason King 0-0: Called Strike
0-1: Ball
1-1: Ball
2-1: Fly out, F4 (Line Drive, 4)
Batting: RHB Earl Frank 0-0: Ball
1-0: Ball
2-0: Called Strike
2-1: Called Strike
2-2: Ball
3-2: SOLO HOME RUN (Line Drive, 7D), Distance : 385 ft
Batting: SHB Lee Dean 0-0: Ball
1-0: Swinging Strike
1-1: Swinging Strike
1-2: Ball
2-2: Ball
3-2: Base on Balls
Batting: RHB Quentin Underwood 0-0: Ball
1-0: Ball
2-0: Called Strike
2-1: Grounds into double play, U4-3 (Groundball, 4)
Bottom of the 2nd over - 1 run(s), 1 hit(s), 0 error(s), 0 left on base; Bishop Gorman HS 1 - Oliver Ames HS 2
TOP OF THE 3RD
Bishop Gorman HS Balbasaurs batting - Pitching for Oliver Ames HS Tigers : LHP Chris Wells
Batting: LHB Jean-Sébastien Beaudin 0-0: Ball
1-0: Ball
2-0: Ball
3-0: Base on Balls
Batting: RHB Sidney Gilbert 0-0: Called Strike
0-1: Foul Ball, location: 2F
0-2: Ball
1-2: Strikes out swinging
Batting: RHB Max Kimball 0-0: Fly out, F2 (Popup, 2LF)
Batting: LHB Zhen-bang Rao 0-0: Ball
1-0: Ball
2-0: Ball
3-0: Base on Balls
Jean-Sébastien Beaudin to second
Batting: RHB Ramón Chávez 0-0: Ball
1-0: Ball
2-0: Ball
3-0: Called Strike
3-1: Base on Balls
Jean-Sébastien Beaudin to third
Zhen-bang Rao to second
Batting: RHB Mario Ramírez 0-0: Ball
1-0: Swinging Strike
1-1: Foul Ball, location: 2F
1-2: Strikes out looking
Top of the 3rd over - 0 run(s), 0 hit(s), 0 error(s), 3 left on base; Bishop Gorman HS 1 - Oliver Ames HS 2
BOTTOM OF THE 3RD
Oliver Ames HS Tigers batting - Pitching for Bishop Gorman HS Balbasaurs : RHP Hugues Proulx
Batting: RHB David Morgan 0-0: Foul Ball, location: 2F
0-1: Ball
1-1: Called Strike
1-2: Strikes out looking
Batting: SHB Chris Barrett 0-0: Called Strike
0-1: Foul Ball, location: 2F
0-2: Foul Ball, location: 2F
0-2: Foul Ball, location: 2F
0-2: Ball
1-2: Foul Ball, location: 2F
1-2: Strikes out swinging
Batting: SHB David Castaneda 0-0: Called Strike
0-1: Ball
1-1: Foul Ball, location: 2F
1-2: Strikes out swinging
Bottom of the 3rd over - 0 run(s), 0 hit(s), 0 error(s), 0 left on base; Bishop Gorman HS 1 - Oliver Ames HS 2
TOP OF THE 4TH
Bishop Gorman HS Balbasaurs batting - Pitching for Oliver Ames HS Tigers : LHP Chris Wells
Batting: RHB Bryan Martínez 0-0: Ball
1-0: Ball
2-0: Ball
3-0: Base on Balls
Batting: RHB Steve Murphy 0-0: Called Strike
0-1: Ball
1-1: Ball
2-1: Ball
3-1: Base on Balls
Bryan Martínez to second
Batting: RHB Jake Rutledge 0-0: Fly out, F9 (Line Drive, 9D)
Runner from 2nd tags up, SAFE at 3rd, no throw
Batting: LHB Jean-Sébastien Beaudin 0-0: Called Strike
0-1: Ball
1-1: Called Strike
1-2: Foul Ball, location: 2F
1-2: Ball
2-2: Strikes out looking
Pitching: RHP John Bascombe
Batting: RHB Sidney Gilbert 0-0: Foul Ball, location: 2F
0-1: Ball
1-1: Ball
2-1: Ball
3-1: Ground out 4-3 (Groundball, 4)
Top of the 4th over - 0 run(s), 0 hit(s), 0 error(s), 2 left on base; Bishop Gorman HS 1 - Oliver Ames HS 2
BOTTOM OF THE 4TH
Oliver Ames HS Tigers batting - Pitching for Bishop Gorman HS Balbasaurs : RHP Hugues Proulx
Batting: RHB River Hall 0-0: Called Strike
0-1: Ball
1-1: Ball
2-1: Called Strike
2-2: Ball
3-2: Base on Balls
Batting: LHB Tracy Becker 0-0: Foul Ball, location: 2F
0-1: Swinging Strike
0-2: Foul Ball, location: 2F
0-2: Ball
1-2: Ball
2-2: Ball
Passed Ball!
River Hall to second
3-2: Base on Balls
Batting: LHB Jason King 0-0: Foul Ball, location: 2F
0-1: Ball
1-1: Ball
2-1: Ball
3-1: Base on Balls
River Hall to third
Tracy Becker to second
Batting: RHB Earl Frank 0-0: Ball
1-0: Foul Ball, location: 2F
1-1: SINGLE (Groundball, 56D)
River Hall scores
Tracy Becker to third
Jason King to second
Runner from 3rd tries for Home, SAFE, no throw or cutoff
Batting: SHB Lee Dean 0-0: Ball
1-0: Ground out 4-3 (Groundball, 4M)
Jason King to third
Earl Frank to second
Batting: RHB Quentin Underwood 0-0: Ball
1-0: Called Strike
1-1: Ball
2-1: Ball
3-1: Foul Ball, location: 2F
3-2: Foul Ball, location: 2F
3-2: Base on Balls
Pitching: RHP Rafael Moreno
Batting: RHB David Morgan 0-0: SINGLE (Groundball, 56D)
Jason King scores
Earl Frank to third
Quentin Underwood to second
Runner from 3rd tries for Home, SAFE, throw made home
Quentin Underwood to third
David Morgan to second
Batting: SHB Chris Barrett 0-0: Ball
1-0: Foul Ball, location: 2F
1-1: Foul Ball, location: 2F
1-2: Fly out, F9 (Flyball, 89M)
Runner from 3rd tags up, SCORES, throw made
Batting: SHB David Castaneda 0-0: Ball
1-0: Called Strike
1-1: Swinging Strike
1-2: Ball
2-2: Strikes out swinging
Bottom of the 4th over - 5 run(s), 2 hit(s), 0 error(s), 1 left on base; Bishop Gorman HS 1 - Oliver Ames HS 7
TOP OF THE 5TH
Bishop Gorman HS Balbasaurs batting - Pitching for Oliver Ames HS Tigers : RHP John Bascombe
Batting: RHB Max Kimball 0-0: Ball
1-0: Fly out, F9 (Flyball, 9M)
Batting: LHB Zhen-bang Rao 0-0: Called Strike
0-1: Fly out, F8 (Line Drive, 8LM)
Batting: RHB Ramón Chávez 0-0: Called Strike
0-1: Ball
1-1: Called Strike
1-2: Strikes out swinging
Top of the 5th over - 0 run(s), 0 hit(s), 0 error(s), 0 left on base; Bishop Gorman HS 1 - Oliver Ames HS 7
BOTTOM OF THE 5TH
Oliver Ames HS Tigers batting - Pitching for Bishop Gorman HS Balbasaurs : RHP Rafael Moreno
Batting: RHB River Hall 0-0: Called Strike
0-1: Ground out 3-1 (Groundball, 34)
Batting: LHB Tracy Becker 0-0: Ground out 4-3 (Groundball, 4S)
Batting: LHB Jason King 0-0: Ball
1-0: Fly out, F8 (Flyball, 8RM)
Bottom of the 5th over - 0 run(s), 0 hit(s), 0 error(s), 0 left on base; Bishop Gorman HS 1 - Oliver Ames HS 7
TOP OF THE 6TH
Bishop Gorman HS Balbasaurs batting - Pitching for Oliver Ames HS Tigers : RHP John Bascombe
Batting: RHB Mario Ramírez 0-0: Ball
1-0: Called Strike
1-1: Ground out U3 (Groundball, 3)
Batting: RHB Bryan Martínez 0-0: Ball
1-0: Swinging Strike
1-1: Foul Ball, location: 2F
1-2: Ball
2-2: Reached on error, E4 (Groundball, 34)
Batting: RHB Steve Murphy 0-0: Ball
1-0: Ball
2-0: Foul Ball, location: 2F
2-1: Called Strike
2-2: Foul Ball, location: 2F
2-2: Foul Ball, location: 2F
2-2: Ball
3-2: Foul Ball, location: 2F
3-2: Foul Ball, location: 2F
3-2: Foul Ball, location: 2F
3-2: Foul Ball, location: 2F
3-2: Strikes out swinging
Batting: RHB Jake Rutledge 0-0: Ball
1-0: Ball
2-0: Called Strike
2-1: Swinging Strike
2-2: DOUBLE (Groundball, 3L)
Bryan Martínez to third
Runner from 3rd tries for Home, SAFE, throw made home
Batting: LHB Jean-Sébastien Beaudin 0-0: Ball
1-0: Foul Ball, location: 2F
1-1: Ball
2-1: Foul Ball, location: 2F
2-2: Foul Ball, location: 2F
2-2: Foul Ball, location: 2F
2-2: Fly out, F2 (Popup, 2LF)
Top of the 6th over - 1 run(s), 1 hit(s), 1 error(s), 1 left on base; Bishop Gorman HS 2 - Oliver Ames HS 7
BOTTOM OF THE 6TH
Oliver Ames HS Tigers batting - Pitching for Bishop Gorman HS Balbasaurs : RHP Rafael Moreno
Batting: RHB Earl Frank 0-0: Ball
1-0: Foul Ball, location: 2F
1-1: Called Strike
1-2: Ground out 6-3 (Groundball, 4MS)
Batting: SHB Lee Dean 0-0: Foul Ball, location: 2F
0-1: Called Strike
0-2: Foul Ball, location: 2F
0-2: Strikes out swinging
Batting: RHB Quentin Underwood 0-0: Fly out, F9 (Flyball, 9M)
Bottom of the 6th over - 0 run(s), 0 hit(s), 0 error(s), 0 left on base; Bishop Gorman HS 2 - Oliver Ames HS 7
TOP OF THE 7TH
Bishop Gorman HS Balbasaurs batting - Pitching for Oliver Ames HS Tigers : RHP John Bascombe
Pitching: LHP Elton Wilson
Batting: RHB Sidney Gilbert 0-0: Ball
1-0: Ball
2-0: Ball
3-0: Base on Balls
Batting: RHB Max Kimball 0-0: Fly out, F7 (Flyball, 78M)
Batting: LHB Zhen-bang Rao 0-0: Foul Ball, location: 2F
0-1: Foul Ball, location: 2F
0-2: Foul Ball, location: 2F
0-2: Grounds into double play, 4-6-3 (Groundball, 34)
Top of the 7th over - 0 run(s), 0 hit(s), 0 error(s), 0 left on base; Bishop Gorman HS 2 - Oliver Ames HS 7
BOTTOM OF THE 7TH
Oliver Ames HS Tigers batting - Pitching for Bishop Gorman HS Balbasaurs : RHP Rafael Moreno
Pitching: RHP Ronnie Couch
Batting: RHB David Morgan 0-0: Called Strike
0-1: Ball
1-1: Hit by Pitch
Batting: SHB Chris Barrett 0-0: Ball
1-0: Swinging Strike
1-1: Ball
2-1: Ball
3-1: SINGLE (Groundball, 34)
David Morgan to second
Throwing error, E9
David Morgan scores
Chris Barrett to second
Batting: SHB David Castaneda 0-0: Ball
1-0: Called Strike
1-1: Called Strike
1-2: Strikes out swinging
Batting: RHB River Hall 0-0: Called Strike
0-1: Swinging Strike
0-2: Ball
1-2: Foul Ball, location: 2F
1-2: Ground out 5-3 (Groundball, 5)
Batting: LHB Tracy Becker 0-0: Ball
1-0: Ground out 4-3 (Groundball, 34)
Bottom of the 7th over - 1 run(s), 1 hit(s), 1 error(s), 1 left on base; Bishop Gorman HS 2 - Oliver Ames HS 8
TOP OF THE 8TH
Bishop Gorman HS Balbasaurs batting - Pitching for Oliver Ames HS Tigers : LHP Elton Wilson
Batting: RHB Ramón Chávez 0-0: Ball
1-0: Foul Ball, location: 2F
1-1: Foul Ball, location: 2F
1-2: Ball
2-2: Strikes out swinging
Batting: RHB Mario Ramírez 0-0: Ball
1-0: Ball
2-0: Called Strike
2-1: Foul Ball, location: 2F
2-2: Ball
3-2: Foul Ball, location: 2F
3-2: Strikes out looking
Batting: RHB Bryan Martínez 0-0: Called Strike
0-1: Called Strike
0-2: Strikes out swinging
Top of the 8th over - 0 run(s), 0 hit(s), 0 error(s), 0 left on base; Bishop Gorman HS 2 - Oliver Ames HS 8
BOTTOM OF THE 8TH
Oliver Ames HS Tigers batting - Pitching for Bishop Gorman HS Balbasaurs : RHP Ronnie Couch
Batting: LHB Jason King 0-0: Ball
1-0: Ball
2-0: Called Strike
2-1: Foul Ball, location: 2F
2-2: Ball
3-2: Foul Ball, location: 2F
3-2: Base on Balls
Batting: RHB Earl Frank 0-0: Sac Bunt - play at first, batter safe!
Jason King to second
Batting: SHB Lee Dean 0-0: Called Strike
0-1: Ball
1-1: Ball
2-1: Sac Bunt - play at first, batter OUT! 3-4
Jason King to third
Earl Frank to second
Pitching: RHP Dexter Miller
Batting: RHB Quentin Underwood 0-0: Ball
1-0: Foul Ball, location: 2F
1-1: Fly out, F4 (Popup, 4S)
Batting: RHB David Morgan 0-0: Ball
1-0: Foul Ball, location: 2F
1-1: Ball
2-1: Ball
3-1: Base on Balls
Batting: SHB Chris Barrett 0-0: SINGLE (Groundball, 34D)
Jason King scores
Earl Frank to third
David Morgan to second
Runner from 3rd tries for Home, throw and OUT!
Bottom of the 8th over - 1 run(s), 2 hit(s), 0 error(s), 2 left on base; Bishop Gorman HS 2 - Oliver Ames HS 9
TOP OF THE 9TH
Bishop Gorman HS Balbasaurs batting - Pitching for Oliver Ames HS Tigers : LHP Elton Wilson
Batting: RHB Steve Murphy 0-0: Called Strike
0-1: Ball
1-1: Foul Ball, location: 2F
1-2: Ball
2-2: Reached on Error, E7 (Line Drive, 7M)
Batting: RHB Jake Rutledge 0-0: DOUBLE (Flyball, 9LM)
Steve Murphy to third
Batting: LHB Jean-Sébastien Beaudin 0-0: Ball
1-0: Called Strike
1-1: Ball
2-1: Ball
3-1: Base on Balls
Batting: RHB Sidney Gilbert 0-0: Ball
1-0: Ball
2-0: Ball
3-0: Base on Balls
Steve Murphy scores
Jake Rutledge to third
Jean-Sébastien Beaudin to second
Batting: RHB Max Kimball 0-0: Ball
1-0: SINGLE (Groundball, 56)
Jake Rutledge scores
Jean-Sébastien Beaudin to third
Sidney Gilbert to second
Runner from 3rd tries for Home, SAFE, no throw or cutoff
Pitching: RHP Tim Whitacre
Batting: LHB Zhen-bang Rao 0-0: Ball
1-0: Foul Ball, location: 2F
1-1: Foul Ball, location: 2F
1-2: Ball
2-2: Foul Ball, location: 2F
2-2: Strikes out looking
Batting: RHB Ramón Chávez 0-0: Foul Ball, location: 2F
0-1: Swinging Strike
0-2: Ball
1-2: Strikes out swinging
Batting: RHB Mario Ramírez 0-0: Called Strike
0-1: Ball
1-1: Called Strike
1-2: Foul Ball, location: 2F
1-2: Foul Ball, location: 2F
1-2: Foul Ball, location: 2F
1-2: Foul Ball, location: 2F
1-2: Ball
2-2: Ball
3-2: Strikes out looking
Top of the 9th over - 3 run(s), 2 hit(s), 1 error(s), 2 left on base; Bishop Gorman HS 5 - Oliver Ames HS 9
Monday, December 5th, 2016 - OOTP Baseball 17.12 Build 75